Mourne, chaotic male human Priest ----- --.|.--- --- --- |......-----.----.-- |.............|....|---- --.......---.|.|.|.--|..| |.......-- --|...-----..---- --- |.......|-----..-.--|..(...-- o| --......--.|.......|--.<....---h-- --................| ------..|.@.-- --..........---.-- --......| -- |.........-- --- |.....-- |.---.........| --- ---..---- |.........-...------.-----|...-- ---.....................--.--.--- |..........---.........%...%..| |...........|---.--....[.....-- --..........| ---|........--- ---.--.--.-- ---.--..-- ------ -- ------- Mourne the Adept Experience level: 6 Strength: 16 Dexterity: 13 Constitution: 13 Intelligence: 8 Wisdom: 18 Charisma: 8 Health: 0(47) Energy: 99(99) Def: 15 Gold: 190 Moves: 3185 Dungeon seed: TG32kFRFh0xupynO Game ID: Mourne_1520528831 Your Inventory: Coins $ - 190 gold pieces Weapons a - a blessed +1 mace (weapon in hand) Armor e - an uncursed +1 robe (being worn) n - an uncursed +0 small shield q - an uncursed +0 pair of jumping boots (being worn) y - an uncursed +0 splint mail (being worn) N - an uncursed +0 dwarvish iron helm (being worn) Y - an uncursed +0 dwarvish roundshield (being worn) Comestibles c - an uncursed clove of garlic d - an uncursed sprig of wolfsbane z - an uncursed food ration Scrolls D - an uncursed scroll of blank paper L - an uncursed scroll of identify Spellbooks T - an uncursed spellbook of clairvoyance Potions b - 3 potions of holy water M - an uncursed potion of hallucination S - a blessed potion of extra healing Rings v - an uncursed ring of fire immunity (on left hand) Wands r - an uncursed wand of digging (0:6) Tools h - an uncursed oil lamp (0:1279) J - an uncursed lock pick U - a blessed magic lamp (lit) W - an uncursed magic marker (0:42) X - an uncursed tin whistle Spells and supernatural/magical abilities: Name Level Category Fail Memory n - detect monsters 1 divination 100% 95% B - cure blindness 2 healing 100% 95% W - pray for help -- divine ? -- X - turn undead -- divine ? -- Y - supernatural jump -- ability ? -- Your skills at the end: Fighting Skills wands [Basic] Weapon Skills mace [Skilled] Spellcasting Skills clerical spells [Basic] Final Attributes: You were immune to fire. You could jump. You are dead. Vanquished creatures: a dwarf king a rope golem 6 gnome lords a gnomish wizard a golden naga hatchling 2 giant ants 3 little dogs 12 dwarves 2 rothes an iguana an acid blob 2 gas spores 3 hobbits a hobgoblin 2 cave spiders a yellow mold a red mold 39 gnomes a gnome zombie 2 geckos 2 jackals 2 kobolds a goblin a sewer rat 3 grid bugs 5 lichens 5 newts 102 creatures vanquished. Voluntary challenges: You were an atheist. You used a wielded weapon 118 times, starting on turn 16. You read items or engraved 9 times, starting on turn 2. You never genocided any monsters. You never polymorphed an object. You never changed form. You used no wishes. You never split a pudding. You wrote Elbereth's name 2 times, starting on turn 1479. You never violated your personal moral code. Dungeon overview: The Dungeons of Doom: levels 1 to 5 Level 1 a long staircase Level 2 a general store, a fountain stairs to The Gnomish Mines Level 3 a fountain, a vault Level 4 a vault Level 5 The Gnomish Mines: levels 3 to 7 Level 3 stairs to The Dungeons of Doom Level 4 Level 5 Level 6 some shops, some fountains, some trees Level 7 <- You were here History has recorded: On T:1 you entered the Dungeons of Doom to retrieve the Amulet of Yendor! On T:61 you reached level 2 of The Dungeons of Doom. On T:357 you reached level 3 of The Dungeons of Doom. On T:437 you advanced to experience level 2. On T:586 you reached level 4 of The Dungeons of Doom. On T:698 you advanced to experience level 3. On T:966 you reached level 5 of The Dungeons of Doom. On T:1573 you advanced to experience level 4. On T:1820 you reached level 1 of The Gnomish Mines. On T:2044 you advanced to experience level 5. On T:2161 you reached level 2 of The Gnomish Mines. On T:2317 you reached level 3 of The Gnomish Mines. On T:2358 you advanced to experience level 6. On T:2641 you reached level 4 of The Gnomish Mines. On T:2987 you reached level 5 of The Gnomish Mines. Score breakdown: Gold: 190 ( 7759 points) Experience: 6 levels (12456 points) Exploration: 7 levels ( 14.29%) (10606 points) Discoveries: 7 items ( 2.33%) ( 4582 points) Valuables value: (no points given unless you survive) Artifact value: 0 ( 0 points) Variety of kills: 27 monsters ( 7.11%) ( 7996 points) Turncount: 3185 turns ( -688 points) Survival: died (score multiplied by 80%) Total score: 34168 Latest messages: The dwarf lady thrusts her broad short sword at you. The dwarf lady hits! The dwarf lady wields an uncursed broad short sword! The dwarf lady thrusts her broad short sword at you. The dwarf lady misses. The dwarf lady thrusts her broad short sword at you. The dwarf lady misses. The dwarf lady thrusts her broad short sword at you. The dwarf lady misses. You miss the dwarf lady. The orc shaman casts a spell! The sleep ray bounces! The sleep ray hits you! The dwarf lady thrusts her broad short sword at you. The dwarf lady hits! The dwarf lady thrusts her broad short sword at you. The dwarf lady hits! The dwarf lady thrusts her broad short sword at you. The dwarf lady hits! The dwarf lady thrusts her broad short sword at you. The dwarf lady hits! You die... Final status: Goodbye Mourne the Priest, killed by a dwarf lady, while sleeping... You died in The Gnomish Mines on dungeon level 7 with 34168 points, and 190 pieces of gold, after 3185 moves. You were level 6 with a maximum of 47 hit points when you died.